 Dungeon Crawl Stone Soup version 0.30-a0-756-gc2185399d4 (webtiles) character file.

Game seed: 5410330182873391661

31 Dirtsage the Slasher (level 3, -3/27 HPs)
             Began as a Merfolk Gladiator on Feb 9, 2023.
             Slain by Sigmund
             ... wielding a +0 scythe
              (5 damage)
             ... on level 2 of the Dungeon.
             The game lasted 00:02:05 (1170 turns).

Dirtsage the Slasher (Merfolk Gladiator)            Turns: 1170, Time: 00:02:05

Health: -3/27      AC:  6    Str: 14    XL:     3   Next: 22%
Magic:  3/3        EV: 13    Int:  7    God:
Gold:   92         SH:  0    Dex: 17    Spells: 2/2 levels left

rFire   + . .      SeeInvis .    a - +0 long sword
rCold   . . .      Faith    .    (no shield)
rNeg    . . .      Spirit   .    b - +0 leather armour
rPois   .          Reflect  .    l - +2 helmet
rElec   .          Harm     .    (no cloak)
rCorr   .          Rampage  .    (no gloves)
Will    .....                    (no boots)
Stlth   +                        (no amulet)
HPRegen 0.24/turn                F - ring of protection from fire
MPRegen 0.08/turn                (no ring)

@: mighty, attractive, invisible
A: (nimble swimmer 2), mertail
a: no special abilities


You were on level 2 of the Dungeon.
You visited 1 branch of the dungeon, and saw 2 of its levels.

You collected 92 gold pieces.

Inventory:

Hand Weapons
 a - a +0 long sword (weapon)
Missiles
 e - 6 javelins
 p - a throwing net (quivered)
Armour
 b - a +0 leather armour (worn)
 c - a +0 helmet
 l - a +2 helmet (worn)
Jewellery
 F - a ring of protection from fire (left hand)
Scrolls
 f - a scroll of summoning {unknown}
 g - a scroll of identify {unknown}
 h - a scroll of teleportation {unknown}
 m - a scroll of poison {unknown}
 n - a scroll of blinking {unknown}
 o - a scroll of silence {unknown}
 q - a scroll of fear {unknown}
Potions
 d - a potion of might
 k - a potion of mutation {unknown}


   Skills:
 - Level 2.1 Fighting
 + Level 5.1 Long Blades
 - Level 2.0 Throwing
 - Level 4.0 Dodging


You had 2 spell levels left.
You didn't know any spells.
Your spell library contained the following spells:

 Spells                   Type           Power      Damage    Failure   Level
 Cigotuvi's Dreadful Rot  Necr/Pois/Air  0%         N/A       65%         2
 Sublimation of Blood     Necr           0%         N/A       65%         2
 Tukima's Dance           Hex            0%         N/A       87%         3
 Dispel Undead            Necr           0%         3d6       99%         4
 Passage of Golubria      Tloc           0%         N/A       99%         4
 Petrify                  Tmut/Erth      0%         N/A       99%         4
 Irradiate                Conj/Tmut      0%         3d11      100%        5
 Yara's Violent Unravell  Hex/Tmut       0%         3d3       100%        5
 Death Channel            Necr           0%         N/A       100%        6


Dungeon Overview and Level Annotations

Branches:
Dungeon (2/15)

Altars:

Shops:
D:2 (

Annotations:
D:2 Sigmund


Innate Abilities, Weirdness & Mutations

((You are very nimble when in or above water. (Stealth+, EV+, Speed+++)))
Your lower body shifts to a powerful aquatic tail in water.


Message History

You hear some strange, mumbled words.
You are confused.
Something barely misses you.
It was a potion of might.
You feel very mighty all of a sudden.
d - a potion of might;
p - a throwing net (quivered)
Something hits you!
You take 9 damage, and have 9/27 hp.
MASSIVE DAMAGE!!
Something barely misses you.
It was a potion of invisibility.
You fade into invisibility!
You bump into the rock wall.
Something hits you.
* * * LOW HITPOINT WARNING * * *
You take 2 damage, and have 8/27 hp.
It was a potion of attraction.
You feel attractive to monsters.
You feel less confused. Something barely misses you.
You slash something! Something hits you but does no damage.
You miss something. You barely miss something. Something hits you.
* * * LOW HITPOINT WARNING * * *
You take 5 damage, and have 4/27 hp.
You barely miss something. Something barely misses you.
You barely miss something.
You hear some strange, mumbled words.
Something tries to affect you, but you resist.
You barely miss something. Something barely misses you.
You barely miss something. Something hits you but does no damage.
You closely miss something. You barely miss something.
You hear some strange, mumbled words.
Something tries to affect you, but you resist.
You miss something. Something hits you.
* * * LOW HITPOINT WARNING * * *
You take 4 damage, and have 2/27 hp.
You hit something. Something hits you.
* * * LOW HITPOINT WARNING * * *
You take 1 damage, and have 1/27 hp.
You barely miss something. Something hits you.
You die...

# . #. #. ##########
#.##........###
#..$....)......
#(.{...........
.#....#@##......... .....
#.##......... .>..#
#.##.....$### #.#.#
#.######### ##.#.##.#.#
###### ..#.##.#.###....#
### ###.#.##.......##.# #..
#.....##.......##.# #..
#.#.†###.......##.#######..


There were no monsters in sight!

Vanquished Creatures
  An adder (D:2)
  A dart slug (D:2)
  2 bats (D:2)
  A giant cockroach (D:2)
  2 hobgoblins (D:1)
  2 jackals (D:2)
  3 kobolds
  A quokka (D:2)
  5 frilled lizards (D:1)
  2 rats (D:1)
20 creatures vanquished.

Notes
Turn   | Place    | Note
-------+----------+-------------------------------------------
     0 | D:1      | Dirtsage the Merfolk Gladiator began the quest for the Orb.
     0 | D:1      | Reached XP level 1. HP: 16/16 MP: 1/1
   324 | D:1      | Reached skill level 4 in Long Blades
   491 | D:1      | Reached XP level 2. HP: 22/22 MP: 2/2
   901 | D:2      | Found a faded altar of an unknown god.
  1043 | D:2      | Found Guaschu's Antique Weapon Boutique.
  1099 | D:2      | Reached skill level 5 in Long Blades
  1099 | D:2      | Reached XP level 3. HP: 27/27 MP: 3/3
  1136 | D:2      | Noticed Sigmund
  1169 | D:2      | HP: 1/27 [something (1)]
  1170 | D:2      | Slain by Sigmund

Illustrated notes

Levels and vault maps discovered:
D:1:      dpeg_arrival_erosion, layout_loops_corners, chequers_decorated_corner,
          chequers_mini_garden, grunt_decor_cap, minivault_24,
          minmay_lizard_pond
D:2:      layout_basic, ebering_ecumenical_altar_abandoned, serial_shops, shop,
          uniq_sigmund

Skill      XL: |  1  2 |
---------------+-------+-----
Long Blades    | 4 5 |  5.1
Fighting       | |  2.1
Throwing       | |  2.0
Dodging        | |  4.0

Action                     || total
---------------------------++-------
  Melee: Long sword        ||    90
  Throw: Throwing net      ||     2
    Use: Potion            ||     3
 Armour: Leather armour    ||    31
  Dodge: Dodged            ||    77

Table legend: (Time is in decaauts)
 A = Elapsed time spent in this place.
 B = Non-inter-level travel time spent in this place.
 C = Inter-level travel time spent in this place.
 D = Time resting spent in this place.
 E = Time spent auto-exploring this place.
 F = Levels seen in this place.
 G = Mean time per level.
                   A        B        C        D        E       F      G
               +--------+--------+--------+--------+--------+-----+--------+
         Total |   1181 |   1163 |     18 |      0 |    965 |   2 |  590.5 |
       Dungeon |   1181 |   1163 |     18 |      0 |    965 |   2 |  590.5 |
               +--------+--------+--------+--------+--------+-----+--------+

Top non-repeatable levels by time:
     D:1: 892 daAuts
     D:2: 288 daAuts
